Map: Ulrena

Players

Blitzo

  • Race: Protoss Protoss
  • League: Silver
  • Spawn Location: 7:00

zidar - Winner!

  • Race: Zerg Zerg
  • League: Gold
  • Spawn Location: 11:00

VOD

Have the link to the VOD?

Description

Time

  • Played on: July 7, 2016, 3:12 p.m.
  • Length: 12:50
Show
View Real Time Build Order
Export as new Build Order

Blitzo Protoss 

Build Orders: Oracle Opening 

Get SALT Encoding   

  12  0:01  Probe (Chrono Boost)  
  13  0:11  Probe (Chrono Boost)  
  14  0:18  Pylon  
  14  0:23  Probe (Chrono Boost)  
  15  0:36  Probe (Chrono Boost)  
  15  0:41  Gateway  
  16  0:46  Assimilator  
  16  0:58  Probe (Chrono Boost)  
  17  1:08  Probe (Chrono Boost)  
  18  1:21  Probe (Chrono Boost)  
  19  1:30  Cybernetics Core  
  19  1:33  Zealot  
  19  1:35  Probe (Chrono Boost)  
  22  1:41  Assimilator  
  22  1:52  Probe (Chrono Boost)  
  23  2:05  Nexus  
  23  2:12  Pylon  
  23  2:22  Gateway  
  23  2:23  Warp Gate (Chrono Boost)  
  23  2:34  Mothership Core (Chrono Boost)  
  25  2:41  Stalker  
  27  2:54  Probe  
  27  2:56  Pylon  
  28  3:03  Stargate  
  28  3:11  Probe  
  29  3:19  Probe  
  28  3:23  Probe  
  34  3:38  Stalker x2  
  34  3:39  Probe  
  35  3:47  Pylon  
  35  3:51  Oracle (Chrono Boost)  
  38  3:57  Probe  
  38  3:59  Probe  
  40  4:14  Pylon  
  40  4:17  Probe  
  40  4:18  Probe  
  40  4:24  Twilight Council  
  42  4:30  Probe  
  43  4:38  Probe, Assimilator  
  44  4:57  Probe  
  44  4:58  Probe  
  46  5:05  Stalker x2  
  50  5:11  Robotics Facility  
  50  5:14  Probe, Blink  
  50  5:15  Probe  
  52  5:32  Pylon  
  47  5:40  Stalker  
  47  5:41  Stalker  
  43  5:56  Probe x2  
  42  6:04  Stalker x2  
  41  6:14  Probe x2  
  43  6:26  Probe  
  42  6:37  Zealot x2  
  36  7:03  Probe x2  
  37  7:11  Gateway  
  37  7:13  Gateway  
  37  7:15  Gateway, Pylon  
  36  7:31  Pylon  
  35  7:49  Immortal (Chrono Boost)  
  38  7:52  Pylon  
  37  8:18  Pylon  
  36  8:23  Probe x2  
  34  8:35  Probe x2  
  35  8:47  Probe x2  
  37  8:54  Pylon  
  37  8:55  Pylon  
  41  8:57  Pylon  
  41  8:59  Probe x2  
  41  9:11  Probe x2  
  43  9:18  Gateway  
  43  9:21  Zealot  
  43  9:23  Probe  
  36  9:44  Stalker  
  36  9:45  Stalker  
  34  10:04  Forge  
  32  10:08  Stalker  
  32  10:09  Stalker  
  36  10:25  Probe  
  36  10:26  Probe  
  37  10:35  Probe  
  37  10:38  Probe  
  39  10:46  Probe  
  39  10:48  Photon Cannon  
  40  10:50  Probe, Pylon  
  40  10:52  Assimilator  
  40  10:56  Probe  
  41  11:00  Stalker x2  
  41  11:02  Probe  
  47  11:07  Probe  
  48  11:15  Probe, Stalker x2  
  48  11:17  Probe  
  54  11:27  Probe  
  43  11:42  Nexus  
  39  12:03  Zealot x2  
  24  12:22  Pylon  
  24  12:24  Pylon  
  24  12:27  Photon Cannon  
  24  12:29  Zealot  
  21  12:30  Photon Cannon  
Show
View Real Time Build Order
Export as new Build Order

zidar Zerg - Winner!

Build Orders: Pool First, Ravager All-In 

Get SALT Encoding   

  12  0:02  Drone  
  13  0:12  Overlord  
  13  0:17  Drone  
  14  0:30  Drone x2  
  16  0:43  Spawning Pool  
  16  0:45  Drone  
  16  1:09  Hatchery  
  15  1:11  Drone  
  16  1:23  Extractor  
  15  1:31  Queen  
  17  1:34  Drone x2  
  17  1:39  Overlord  
  19  2:04  Drone x2  
  21  2:10  Queen  
  21  2:13  Roach Warren  
  22  2:23  Metabolic Boost  
  22  2:26  Drone x2  
  24  2:33  Extractor  
  23  2:45  Drone x2  
  25  2:57  Drone x6  
  31  3:04  Extractor  
  30  3:15  Drone x4  
  30  3:19  Overlord  
  34  3:25  Overlord  
  34  3:41  Overlord  
  34  3:42  Overlord  
  36  3:48  Roach x2  
  36  3:49  Roach  
  36  3:53  Roach  
  42  4:02  Roach x2  
  46  4:04  Roach  
  46  4:08  Roach  
  50  4:16  Drone x2  
  52  4:23  Ravager x4  
  52  4:24  Ravager  
  57  4:35  Roach x4  
  56  5:14  Roach  
  56  5:15  Roach x5  
  46  5:58  Roach x10  
  49  7:03  Roach x6  
  49  7:05  Ravager x3  
  49  7:06  Ravager x2  
  62  7:17  Roach  
  62  7:18  Roach  
  55  8:04  Roach x6  
  66  8:20  Roach x2  
  66  8:40  Roach x3  
  59  8:48  Roach  
  59  8:49  Roach x2  
  63  9:03  Roach  
  63  9:04  Roach  
  65  9:16  Roach x2  
  63  9:44  Roach x4  
  67  9:53  Ravager  
  64  10:04  Roach x2  
  61  10:26  Zergling x2  
  61  10:27  Zergling x2  
  61  10:28  Zergling x14  
  65  10:30  Zergling x4  
  66  10:36  Overlord x3  
  66  10:51  Lair  
  66  10:55  Ravager  
  66  10:56  Ravager x5  
  72  10:59  Roach x4  
  80  11:17  Roach x3  
  86  11:18  Zergling x2  
  73  12:10  Roach x8  
  73  12:11  Zergling x2  
Tags
 
Add a new tag
Caveats
  • Supply blocks, unpowered buildings, or Contaminate may cause inaccurate times.
  • Supply counts are checked every 10 seconds.